Map: 프리온 단구

Players

Kudo (Gamja) - Winner!

  • Race: Zerg Zerg

Paradise

  • Race: Terran Terran

VOD

Have the link to the VOD?

Description

Time

  • Played on: Nov. 19, 2015, 11:40 a.m.
  • Length: 8:01
Show
View Real Time Build Order
Export as new Build Order

Kudo Zerg - Winner!

Build Orders: Pool First, Muta Ling Bane 

Get SALT Encoding   

  12  0:01  Drone  
  13  0:13  Overlord  
  13  0:17  Drone  
  14  0:32  Drone x2  
  16  0:38  Drone  
  17  0:47  Spawning Pool  
  17  0:49  Drone  
  17  0:55  Extractor  
  17  0:57  Drone  
  17  1:15  Hatchery  
  17  1:18  Drone  
  17  1:20  Drone  
  18  1:34  Queen  
  18  1:37  Drone  
  21  1:43  Overlord  
  21  1:53  Zergling x2  
  22  1:58  Metabolic Boost  
  22  2:03  Drone  
  23  2:10  Queen  
  25  2:18  Drone  
  26  2:27  Zergling x4  
  26  2:29  Queen  
  30  2:38  Drone x2  
  30  2:41  Overlord  
  30  2:43  Drone x2  
  34  2:47  Drone  
  34  2:49  Drone  
  36  2:58  Lair  
  36  3:01  Drone  
  36  3:05  Baneling Nest  
  36  3:09  Drone x2  
  38  3:15  Overlord  
  38  3:17  Drone  
  38  3:18  Drone  
  40  3:21  Extractor  
  40  3:22  Extractor  
  38  3:28  Drone x2  
  38  3:30  Drone x2  
  42  3:35  Drone x2  
  42  3:40  Drone x2  
  46  3:50  Drone x3  
  46  3:55  Overlord  
  49  4:00  Spire  
  49  4:01  Drone  
  49  4:02  Extractor  
  48  4:03  Drone  
  48  4:05  Drone  
  48  4:08  Drone  
  51  4:12  Drone  
  51  4:14  Overseer  
  51  4:15  Overlord  
  52  4:20  Overlord  
  52  4:28  Drone  
  52  4:30  Drone  
  54  4:36  Hatchery  
  53  4:44  Overlord  
  53  4:45  Overlord  
  53  4:48  Drone x2  
  55  5:14  Mutalisk x6  
  55  5:18  Mutalisk  
  55  5:20  Overlord x2  
  69  5:24  Mutalisk  
  71  5:29  Evolution Chamber, Drone x2  
  71  5:30  Evolution Chamber  
  71  5:31  Drone x2  
  71  5:33  Zerg Flyer Weapons Level 1  
  73  5:40  Drone  
  73  5:41  Drone  
  75  5:44  Drone x2  
  75  5:45  Drone  
  78  5:51  Drone  
  78  5:52  Drone  
  78  5:54  Drone  
  81  5:59  Overlord  
  81  6:00  Zerg Ground Armor Level 1  
  81  6:01  Zerg Melee Weapons Level 1  
  81  6:02  Drone  
  82  6:09  Drone x2  
  84  6:15  Zergling x4  
  84  6:16  Drone  
  84  6:17  Drone x2  
  89  6:19  Centrifical Hooks  
  89  6:20  Drone x2  
  89  6:23  Extractor  
  89  6:24  Extractor  
  89  6:28  Drone x2  
  89  6:29  Drone x2  
  89  6:31  Hatchery  
  92  6:36  Overlord x2  
  92  6:37  Drone  
  92  6:38  Zergling x2  
  92  6:39  Zergling x2  
  95  6:40  Overlord  
  95  6:41  Drone x2  
  97  6:51  Mutalisk x2  
  97  6:52  Mutalisk  
  101  6:54  Baneling  
  101  6:55  Baneling x4  
  101  6:59  Zergling x8  
  104  7:01  Hatchery  
  104  7:04  Zergling x6  
  104  7:05  Overseer  
  104  7:08  Baneling x4  
  106  7:09  Baneling  
  107  7:15  Zergling x2  
  107  7:16  Zergling x8  
  107  7:22  Mutalisk x3  
  111  7:25  Zergling x10  
  110  7:42  Zergling x2  
  110  7:43  Zergling x8  
Show
View Real Time Build Order
Export as new Build Order

Paradise Terran 

Build Orders:  

Get SALT Encoding   

  12  0:02  SCV  
  13  0:14  SCV  
  13  0:17  Supply Depot  
  14  0:26  SCV  
  15  0:39  SCV  
  15  0:42  Barracks  
  16  0:51  SCV  
  16  0:54  Refinery  
  17  1:03  SCV  
  18  1:15  SCV  
  19  1:28  Orbital Command  
  19  1:31  Marine  
  20  1:39  Command Center  
  20  1:51  Supply Depot, Reaper  
  22  1:54  SCV  
  22  2:07  SCV  
  23  2:15  Factory  
  23  2:20  SCV  
  23  2:21  Supply Depot  
  24  2:31  Refinery  
  24  2:32  SCV  
  24  2:34  Barracks Reactor  
  25  2:44  SCV  
  26  2:56  SCV  
  26  2:59  Orbital Command  
  26  3:05  Command Center  
  26  3:08  SCV  
  27  3:18  Factory Tech Lab, Supply Depot  
  27  3:20  SCV  
  27  3:24  Marine  
  27  3:25  Marine  
  29  3:29  SCV  
  30  3:38  SCV  
  30  3:41  SCV  
  32  3:47  Siege Tank  
  35  3:49  Marine  
  35  3:50  SCV, Marine  
  35  3:53  SCV  
  39  4:02  SCV  
  40  4:05  SCV  
  41  4:14  SCV  
  41  4:17  Marine x2  
  42  4:22  Engineering Bay  
  42  4:23  Barracks  
  42  4:24  Barracks, Orbital Command  
  44  4:33  Starport  
  44  4:38  SCV  
  45  4:40  Widow Mine x2  
  45  4:42  Stimpack, Marine  
  50  4:45  SCV  
  50  4:48  Terran Infantry Weapons Level 1  
  50  4:50  SCV  
  52  4:54  Barracks  
  52  4:55  Barracks  
  52  5:00  SCV x2, Marine  
  52  5:02  SCV  
  52  5:05  Supply Depot  
  56  5:16  Supply Depot, Marine x2  
  58  5:24  SCV x2  
  58  5:26  Supply Depot  
  60  5:28  Marine  
  60  5:33  Marine  
  60  5:34  SCV, Marine  
  64  5:36  SCV x2  
  64  5:37  Refinery  
  64  5:38  Refinery  
  64  5:41  Missile Turret  
  66  5:46  SCV, Marine  
  66  5:48  Missile Turret  
  68  5:50  Medivac  
  68  5:51  Marine x2, Medivac  
  74  5:57  SCV x2  
  74  5:59  Marine x2  
  78  6:04  Marine  
  78  6:09  Marine x2  
  80  6:17  Marine x2  
  79  6:19  SCV x3  
  79  6:22  Marine  
  83  6:26  Marine  
  83  6:27  Medivac x2, Marine  
  83  6:28  Widow Mine  
  83  6:32  SCV x3  
  94  6:35  Marine x2  
  96  6:40  Marine  
  96  6:42  Missile Turret  
  96  6:44  SCV x3, Marine  
  96  6:46  Marine  
  99  6:53  Marine x2  
  101  7:01  Marine  
  101  7:07  Barracks Reactor x2, Medivac x2  
  103  7:11  Marine x2  
  105  7:19  Marine  
  106  7:28  Marine  
  106  7:29  Marine  
  80  7:37  Marine  
Tags
 
Add a new tag
Caveats
  • Supply blocks, unpowered buildings, or Contaminate may cause inaccurate times.
  • Supply counts are checked every 10 seconds.